 Dungeon Crawl Stone Soup version 0.17-a0-764-gd40c196 (webtiles) character file.

8320 karvarausku the Black Belt (level 11, -6/84 (88) HPs)
             Began as a Mottled Draconian Monk on Apr 23, 2015.
             Was a High Priest of Nemelex Xobeh.
             Killed from afar by Nergalle (24 damage)
             ... with a bolt of negative energy
             ... on level 9 of the Dungeon.
             The game lasted 00:40:30 (11619 turns).

karvarausku the Black Belt (DrMo)                  Turns: 11619, Time: 00:40:30

HP:   -6/84 (88)    AC:  9    Str: 18    XL:     11   Next: 8%
MP:   11/11         EV: 12    Int: 18    God:    Nemelex Xobeh [*****.]
Gold: 560           SH:  0    Dex: 18    Spells: 0 memorised, 10 levels left

rFire  + . .     SeeInvis .       - Unarmed
rCold  . . .     Clarity  .     (armour unavailable)
rNeg   . . .     SustAb   .     (no shield)
rPois  .         Gourm    .     E - +1 hat
rElec  .         Spirit   .     A - +0 cloak
rCorr  .         Warding  .     (no gloves)
rMut   .         Stasis   +     (no boots)
MR     .....                    V - amulet of stasis (curse)
Stlth  ++........               O - +3 ring of intelligence
                                P - ring of protection from fire

@: mighty, brilliant, very heavily drained, not resistant to hostile
enchantments, unstealthy
A: breathe sticky flame splash, unfitting armour, sense surroundings 1,
cold-blooded, AC +7
a: Breathe Sticky Flame, Triple Draw, Deal Four, Stack Five, Renounce Religion


You were on level 9 of the Dungeon.
You worshipped Nemelex Xobeh.
Nemelex Xobeh was extremely pleased with you.
You were not hungry.

You visited 2 branches of the dungeon, and saw 11 of its levels.

You collected 560 gold pieces.

Inventory:

Hand weapons
 b - a +0 blowgun
 G - the +8 spear of Grandeur {drain, Dex+2 SInv Stlth+}
   (You found it on level 5 of the Dungeon)

   A truly terrible weapon, it drains the life of those it strikes.
   It affects your dexterity (+2).
   It enhances your eyesight.
   It makes you more stealthy.
Missiles
 d - 61 poisoned needles
Armour
 A - a +0 cloak (worn)
 E - a +1 hat (worn)
Jewellery
 h - an uncursed ring of protection from magic
 p - an uncursed ring of protection from magic
 O - a +3 ring of intelligence (right hand)
 P - a ring of protection from fire (left hand)
 V - a cursed amulet of stasis (around neck)
Magical devices
 x - a wand of flame (7)
 z - a wand of polymorph (12)
 H - a wand of teleportation (5)
 J - a wand of flame (19)
 K - a wand of polymorph (4)
 N - a wand of enslavement (9)
 Y - a wand of magic darts (10)
Scrolls
 c - 2 scrolls of blinking
 e - 3 scrolls of magic mapping
 i - 5 scrolls of fear
 k - 3 scrolls of recharging
 o - 7 scrolls of teleportation
 q - 2 scrolls of remove curse
 v - 2 scrolls of identify
 w - a scroll of amnesia {unknown}
 B - a scroll of fog
 F - 2 scrolls of enchant armour
Potions
 f - 3 potions of heal wounds
 g - a potion of degeneration {unknown}
 l - a potion of flight {unknown}
 m - a potion of restore abilities {unknown}
 n - 2 potions of invisibility {unknown}
 t - 4 potions of agility
 C - 4 potions of mutation {unknown}
 D - 2 potions of might
 T - 2 potions of resistance
 X - 6 potions of curing
 Z - 2 potions of haste {unknown}
Books
 I - a book of Fire

   Spells                             Type                      Level
   a - Ignite Poison                  Fire/Transmutation/Poison    3
   b - Fireball                       Conjuration/Fire             5
   c - Bolt of Fire                   Conjuration/Fire             6
   d - Delayed Fireball               Conjuration/Fire             7
   e - Ring of Flames                 Charms/Fire                  7
 M - a book of Power

   Spells                             Type                      Level
   a - Fulminant Prism                Conjuration/Hexes            4
   b - Iskenderun's Mystic Blast      Conjuration                  4
   c - Venom Bolt                     Conjuration/Poison           5
   d - Bolt of Magma                  Conjuration/Fire/Earth       5
   e - Iron Shot                      Conjuration/Earth            6
   f - Orb of Destruction             Conjuration                  7
   g - Spellforged Servitor           Conjuration/Summoning        7
Miscellaneous
 y - a plain deck of escape
Comestibles
 a - 7 bread rations
 j - 4 beef jerkies
 r - 5 meat rations
 u - 9 slices of pizza


   Skills:
 + Level 5.2(2.0) Fighting
 + Level 4.2(1.1) Dodging
 - Level 1.7(0.0) Stealth
 - Level 15.8(11.7) Unarmed Combat


You had 10 spell levels left.
You didn't know any spells.

Dungeon Overview and Level Annotations

Branches:
Dungeon (10/15)            Temple (1/1) D:4            Lair (0/8) D:8
    Orc: D:9-12

Altars:
Ashenzari
Cheibriados
Dithmenos
Elyvilon
Fedhas
Kikubaaqudgha
Makhleb
Nemelex Xobeh
Okawaru
Qazlal
Ru
Sif Muna
Trog
Vehumet
Xom
Yredelemnul
Zin
The Shining One

Shops:
D:6 %   D:10 (

Annotations:
D:9 Nergalle, Psyche


Innate Abilities, Weirdness & Mutations

You can spit globs of burning liquid.
You can ignite nearby creatures when you spit burning liquid.
Your weird mottled scales are hard (AC +7).
Your body does not fit into most forms of armour.
You are cold-blooded and may be slowed by cold attacks.
You passively map a small area around you.


Message History

Nergalle points at you and mumbles some strange words.
Orcish apparitions take form around you.
The spectral orc warrior hits you with a dire flail.
* * * LOW HITPOINT WARNING * * *
There is a stone staircase leading up here.
Nergalle hits you but does no damage.
You feel drained.
You climb upwards.
Level annotation: Psyche
There is a stone staircase leading down here.
Unknown command.
Read which item? (? for menu, Esc to quit)
You cannot teleport because you are wearing a cursed amulet of stasis.
Nergalle hits you but does no damage.
You feel drained.
Press: ? - help, v - describe, . - travel
Here: Nergalle, wielding a dagger of draining and wearing a robe (almost dead, standing in death's doorway)
The floor.
Nergalle gestures at you while chanting.
The bolt of negative energy hits you!
You feel drained.
You die...
Your body glows with a rainbow of weird colours and disappears.

#########
#########.......#####
#.....>............[.
#.####.##.......#####
#.####.##.......# ###
#.#.............###..
#.#.o...........#....
#.#......########....
#.#.@....##....##....
#.#......##....##....
#.#......##....##....
#.'..................
###......##....##.[..
####......##....##....
#........###....##....
#........'............
#........#############


You could see Nergalle.

Vanquished Creatures
  Erica (D:9)
  Pikel (D:9)
  A two-headed ogre (D:8)
  Sigmund (D:5)
  A hippogriff (D:8)
  A human (D:8)
  A deep elf mage (D:9)
  2 hungry ghosts
  A hog (D:8)
  6 yaks
  A water moccasin (D:8)
  4 orc warriors
  An ice beast (D:7)
  3 phantoms
  2 slaves (D:9)
  2 black bears
  An eye of draining (D:8)
  2 necrophages
  A wasp (D:8)
  2 sky beasts
  3 ogres (D:9)
  A centaur (D:9)
  4 giant frogs
  2 big kobolds
  A gnoll sergeant (D:10)
  A scorpion (D:4)
  9 wights
  A vampire bat (D:5)
  3 killer bees
  A giant frog zombie (D:6)
  6 crimson imps
  4 orc priests
  3 giant frog skeletons
  4 hounds
  3 iguanas
  3 orc wizards
  A quasit (D:7)
  2 centaur skeletons
  A spectral orc (D:10)
  5 worker ants
  3 sheep (D:8)
  2 hound zombies (D:5)
  2 hound skeletons
  A worker ant zombie (D:9)
  Robin (D:2)
  6 gnolls (D:10)
  13 adders
  2 oozes
  3 adder zombies
  An adder skeleton (D:7)
  4 worms
  6 giant geckos
  30 orcs
  21 bats
  A bat skeleton (D:8)
  A bat zombie (D:5)
  7 giant cockroaches
  11 hobgoblins
  9 jackals
  7 giant newts
  2 giant spores (D:9)
  12 goblins
  A jackal zombie (D:7)
  18 kobolds
  5 quokkas
  A quokka zombie (D:5)
  12 rats
  5 ballistomycetes (D:9)
280 creatures vanquished.

Vanquished Creatures (collateral kills)
  A troll (D:9)
  A raven (D:9)
  3 yaks
  An eye of draining (D:10)
  An ogre (D:5)
  A big kobold (D:10)
  4 wights
  4 killer bees (D:7)
  A worker ant (D:8)
  An iguana (D:8)
  2 orc wizards (D:8)
  An orc (D:9)
  A hobgoblin (D:8)
  4 kobolds (D:10)
26 creatures vanquished.

Vanquished Creatures (others)
  An ugly thing (D:8)
  A giant frog (D:9)
  An orc priest (D:9)
  3 orcs (D:9)
  A giant spore (D:9)
  A ballistomycete (D:9)
8 creatures vanquished.

Grand Total: 314 creatures vanquished

Notes
Turn   | Place    | Note
--------------------------------------------------------------
     0 | D:1      | karvarausku, the Draconian Monk, began the quest for the Orb.
     0 | D:1      | Reached XP level 1. HP: 19/19 MP: 1/1
   183 | D:1      | Reached XP level 2. HP: 21/26 MP: 2/2
   593 | D:1      | Reached skill level 5 in Unarmed Combat
   659 | D:1      | Reached XP level 3. HP: 16/31 MP: 3/3
  1008 | D:2      | Noticed Robin
  1024 | D:2      | Killed Robin
  1150 | D:2      | Reached XP level 4. HP: 38/38 MP: 4/4
  1332 | D:2      | Reached skill level 6 in Unarmed Combat
  1691 | D:3      | Reached XP level 5. HP: 36/45 MP: 5/5
  1817 | D:3      | Found an iron altar of Okawaru.
  2260 | D:4      | Reached skill level 7 in Unarmed Combat
  2514 | D:4      | Noticed a centaur
  2554 | D:4      | Noticed a phantom
  2590 | D:4      | Killed a phantom
  2590 | D:4      | Reached XP level 6. HP: 18/51 MP: 6/6
  3087 | D:4      | Reached skill level 8 in Unarmed Combat
  3260 | D:4      | Found a staircase to the Ecumenical Temple.
  3282 | Temple   | Entered the Ecumenical Temple
  3410 | Temple   | Became a worshipper of Nemelex Xobeh the Trickster
  3410 | Temple   | Received a gift from Nemelex Xobeh
  3587 | D:4      | Received a gift from Nemelex Xobeh
  3909 | D:4      | a centaur changed into a killer bee
  4089 | D:5      | Entered Level 5 of the Dungeon
  4134 | D:5      | Found a snail-covered altar of Cheibriados.
  4144 | D:4      | Your scales start taking on a weird mottled colour.
  4144 | D:4      | Reached XP level 7. HP: 45/56 MP: 7/7
  4444 | D:5      | Got a dazzling spear
  4505 | D:5      | Noticed Sigmund
  4514 | D:5      | Killed Sigmund
  4514 | D:5      | Reached skill level 9 in Unarmed Combat
  4733 | D:5      | Reached skill level 10 in Unarmed Combat
  4776 | D:5      | Reached XP level 8. HP: 38/62 MP: 8/8
  5087 | D:5      | Received a gift from Nemelex Xobeh
  5191 | D:5      | Found a deep blue altar of Sif Muna.
  5613 | D:6      | Found Ulucieh's Food Boutique.
  5632 | D:6      | Reached skill level 11 in Unarmed Combat
  5652 | D:6      | Identified the +8 spear of Grandeur {drain, Dex+2 SInv Stlth+} (You found it on level 5 of the Dungeon)
  5684 | D:5      | Found a basalt altar of Yredelemnul.
  5684 | D:5      | Found a burning altar of Makhleb.
  6438 | D:6      | Found a glowing golden altar of the Shining One.
  6438 | D:6      | Found a sacrificial altar of Ru.
  6453 | D:6      | Acquired Nemelex Xobeh's first power
  6457 | D:6      | Reached skill level 12 in Unarmed Combat
  7013 | D:7      | Reached XP level 9. HP: 66/69 MP: 9/9
  7100 | D:7      | Received a gift from Nemelex Xobeh
  7481 | D:8      | Received a gift from Nemelex Xobeh
  7653 | D:8      | Reached skill level 13 in Unarmed Combat
  7812 | D:8      | Acquired Nemelex Xobeh's second power
  8049 | D:8      | Found a staircase to the Lair.
  8082 | D:8      | Received a gift from Nemelex Xobeh
  8163 | D:8      | Reached skill level 14 in Unarmed Combat
  8242 | D:8      | Found a shattered altar of Ashenzari.
  8424 | D:8      | Received a gift from Nemelex Xobeh
  8631 | D:8      | Reached XP level 10. HP: 51/77 MP: 10/10
  9207 | D:9      | Reached skill level 15 in Unarmed Combat
  9417 | D:9      | Noticed Pikel
  9436 | D:9      | Killed Pikel
 10510 | D:9      | Received a gift from Nemelex Xobeh
 10618 | D:9      | Found a stormy altar of Qazlal.
 10618 | D:9      | Noticed Erica
 10632 | D:9      | Killed Erica
 10726 | D:9      | Noticed Psyche
 10760 | D:10     | Entered Level 10 of the Dungeon
 10798 | D:10     | Found Rushrihe's Weapon Boutique.
 10817 | D:10     | Reached XP level 11. HP: 71/81 MP: 5/11
 10955 | D:10     | Reached skill level 5 in Fighting
 11092 | D:10     | Gained mutation: You passively map a small area around you. [potion of beneficial mutation]
 11390 | D:10     | Acquired Nemelex Xobeh's third power
 11479 | D:10     | Noticed Nergalle
 11619 | D:9      | Killed from afar by Nergalle

Action                   |  1- 3 |  4- 6 |  7- 9 | 10-12 || total
-------------------------+-------+-------+-------+-------++-------
Melee: Unarmed           |   134 |   191 |   461 |   239 ||  1025
 Fire: Blowgun           |       |       |       |    15 ||    15
Invok: Triple Draw       |       |       |     1 |       ||     1
 Abil: Breathe Sticky Fl |       |       |     1 |       ||     1
Evoke: Deck              |       |     4 |    24 |    20 ||    48
       Wand              |       |       |     4 |     6 ||    10
  Use: Potion            |     1 |     1 |     1 |     5 ||     8
       Scroll            |       |       |     5 |    14 ||    19
 Stab: Sleeping          |       |     3 |     1 |     1 ||     5
       Distracted        |       |       |     1 |     1 ||     2
       Petrifying        |       |       |     1 |       ||     1
  Eat: Chunk             |     1 |     8 |    16 |    10 ||    35
       Royal jelly       |       |       |       |     1 ||     1
